AoeStats
← Onestepbeyond

Arabia

510160251Analyzed
1v1 RM · 2d ago on Sep 29, 2026· 56m 50s· 2 players
Game mode
Random Map
Map size
Tiny (2 player)
Population
200
Speed
Normal
Resources
Standard
Victory
Conquest
Starting age
Dark Age
Ending age
Imperial Age
RankedLock teamsTeams togetherTeam positionsShared explorationLock speedFull tech treeHidden civsTurbo modeCheats
Victory
Defeat
🇫🇷 Franks · France
848
+16
🇫🇷 Magyars · France
848
-16
tim.gronquist
12:08 Feudal Age
11:22 Loom
14:17 Double-Bit Axe
18:43 Castle Age
18:42 Double-Bit Axe
20:01 Bow Saw
23:49 Horse Collar
24:58 Pikeman
31:53 Scale Mail Armor
32:55 Wheelbarrow
33:28 Chain Mail Armor
34:25 Hand Cart
34:53 Scale Barding Armor
35:29 Fletching
35:39 Padded Archer Armor
36:44 Bloodlines
36:35 Husbandry
37:52 Thumb Ring
38:08 Leather Archer Armor
37:48 Bodkin Arrow
39:14 Light Cavalry
40:33 Ballistics
42:48 Chain Barding Armor
43:49 Corvinian Army
49:13 Imperial Age
49:29 Halberdier
Onestepbeyond
10:39 Feudal Age
11:36 Loom
11:44 Man-at-Arms
19:56 Castle Age
20:15 Double-Bit Axe
21:31 Husbandry
21:43 Husbandry
21:59 Scale Barding Armor
22:02 Town Watch
28:34 Wheelbarrow
28:30 Light Cavalry
29:17 Stone Mining
29:22 Gold Mining
35:53 Imperial Age
32:49 Elite Skirmisher
33:32 Fletching
35:20 Gold Shaft Mining
35:03 Bow Saw
34:53 Bodkin Arrow
35:08 Forging
35:23 Chain Barding Armor
36:33 Padded Archer Armor
39:27 Conscription
39:53 Hand Cart
39:39 Town Patrol
40:16 Leather Archer Armor
40:39 Plate Barding Armor
40:33 Cavalier
42:46 Ballistics
43:27 Chemistry
42:42 Paladin
Connection lost

Rejoining the realm…

Still unreachable

The connection could not be restored.

Session expired

The server has moved on; the page needs a fresh start.